 Dungeon Crawl Stone Soup version 0.26.0-16-gc1dbca0489 (webtiles) character file.

Game seed: 14462742480798939774

361 EnegeticOcto the Chiller (level 6, -1/41 HPs)
             Began as a Formicid Ice Elementalist on Jan 21, 2021.
             Slain by a water moccasin skeleton (7 damage)
             ... on level 4 of the Dungeon.
             The game lasted 00:10:37 (1482 turns).

EnegeticOcto the Chiller (FoIE)                     Turns: 1482, Time: 00:10:37

Health: -1/41      AC:  2    Str: 12    XL:     6   Next: 99%
Magic:  9/9        EV: 12    Int: 17    God:
Gold:   98         SH:  0    Dex: 11    Spells: 5/9 levels left

rFire    . . .     SeeInvis +   a - staff of cold
rCold    + . .     Faith    .   (no shield)
rNeg     . . .     Spirit   .   m - +0 robe
rPois    .         Reflect  .   (helmet unavailable)
rElec    .         Harm     .   (no cloak)
rCorr    .         Rampage  .   (no gloves)
Will     .....                  (no boots)
Stlth    ++........             (no amulet)
HPRegen  0.13/turn              (no ring)
MPRegen  0.11/turn              (no ring)

@: no status effects
A: permanent stasis, dig shafts and tunnels, four strong arms, antennae 3
a: Dig, Shaft Self


You were on level 4 of the Dungeon.
You visited 1 branch of the dungeon, and saw 4 of its levels.

You collected 98 gold pieces.

Inventory:

Hand Weapons
 b - a +0 scythe
   (You took it off Sigmund on level 3 of the Dungeon)
Armour
 m - a +0 robe (worn)
Magical Staves
 a - an uncursed staff of cold (weapon)
   (You found it on level 2 of the Dungeon)
Wands
 d - a wand of enslavement (2)
   (You took it off Ijyb on level 3 of the Dungeon)
Scrolls
 e - 2 scrolls of teleportation {@r3 !r}
 g - 3 scrolls of amnesia
 k - 2 scrolls of identify {@r1}
Potions
 c - 2 potions of lignification {@q6}
 f - a potion of mutation {unknown}
 h - a potion of ambrosia
 j - 2 potions of brilliance {unknown}
 l - a potion of haste {unknown}


   Skills:
 - Level 1.7 Dodging
 - Level 2.4 Stealth
 - Level 2.1 Spellcasting
 + Level 7.8 Ice Magic


You had 5 spell levels left.
You knew the following spells:

 Your Spells              Type           Power        Failure   Level
a - Freeze                Ice            100%         1%          1
b - Frozen Ramparts       Ice            84%          2%          3

Your spell library contained the following spells:

 Spells                   Type           Power        Failure   Level
 Ozocubu's Armour         Ice            42%          2%          3
 Magic Dart               Conj           4%           19%         1
 Call Imp                 Summ           1%           28%         2
 Slow                     Hex            1%           28%         2
 Hailstorm                Conj/Ice       22%          36%         4
 Summon Ice Beast         Ice/Summ       22%          36%         4
 Conjure Flame            Conj/Fire      1%           50%         3
 Mephitic Cloud           Conj/Pois/Air  1%           50%         3
 Blink                    Tloc           Unusable     N/A         2

Dungeon Overview and Level Annotations

Branches:
Dungeon (4/15)
 Temple: D:4-7

Altars:
The Shining One


Innate Abilities, Weirdness & Mutations

You cannot be hasted, slowed, berserked, paralysed or teleported.
You can dig through walls and to a lower floor.
Your four strong arms can wield two-handed weapons with a shield.
You have a pair of large antennae on your head. (SInv)


Message History

There is a stone staircase leading up here.
Casting: Freeze (safe; 1% risk of failure)
Confirm with . or Enter, or press ? or * to list all spells.
Aiming: Freeze (safe; 1% risk of failure)
Press: ? - help, Shift-Dir - straight line, f - quokka
Aim: a quokka You feel a surge of power!
You freeze the quokka!
You kill the quokka!
Casting: Freeze (safe; 1% risk of failure)
Confirm with . or Enter, or press ? or * to list all spells.
Aiming: Freeze (safe; 1% risk of failure)
Press: ? - help, Shift-Dir - straight line, f - you You can't see any hostile targets that would be affected.
That would be overly suicidal.
Okay, then.
Found a leather armour.
j - 2 blue potions (gained 1)
Found a stone staircase leading down.
A giant cockroach comes into view.
An iguana comes into view.
Casting: Freeze (safe; 1% risk of failure)
Confirm with . or Enter, or press ? or * to list all spells.
Aiming: Freeze (safe; 1% risk of failure)
Press: ? - help, Shift-Dir - straight line, f - giant cockroach
Aim: a giant cockroach (wandering, hasn't noticed you)
You feel a surge of power!
You freeze the giant cockroach.
The giant cockroach is heavily wounded.
The iguana hisses angrily.
The giant cockroach misses you. The giant cockroach barely misses you.
Casting: Freeze (safe; 1% risk of failure)
Confirm with . or Enter, or press ? or * to list all spells.
Casting: Frozen Ramparts (dangerous; 2% risk of failure)
Press: ? - help, Dir - look around, f - activate You feel a surge of power!
The walls around you are covered in ice.
The wall freezes the giant cockroach.
You kill the giant cockroach!
The wall freezes the iguana!
The iguana seems to slow down.
The wall freezes the iguana!
You kill the iguana!
The frozen ramparts melt away as you move.
You extend your mandibles.
You dig through the rock wall.
You dig through the rock wall.
You dig through the rock wall.
You retract your mandibles.
Found a scroll of amnesia.
g - 3 scrolls of amnesia (gained 1)
You extend your mandibles.
You dig through the rock wall.
You dig through the rock wall.
A water moccasin skeleton comes into view.
The water moccasin skeleton bites you.
You retract your mandibles.
You closely miss the water moccasin skeleton.
The water moccasin skeleton barely misses you.
The water moccasin skeleton bites you.
Casting: Frozen Ramparts (dangerous; 2% risk of failure)
Confirm with . or Enter, or press ? or * to list all spells.
Casting: Frozen Ramparts (dangerous; 2% risk of failure)
Press: ? - help, Dir - look around, f - activate
Okay, then.
Okay, then.
You hit the water moccasin skeleton.
The water moccasin skeleton is lightly damaged.
The water moccasin skeleton bites you.
You hit the water moccasin skeleton.
The water moccasin skeleton is lightly damaged.
The water moccasin skeleton bites you. x2
* * * LOW HITPOINT WARNING * * *
Evoke which item? (* to show all) (? for menu, Esc to quit)
Aiming: Enslavement
Press: ? - help, Shift-Dir - straight line, f - water moccasin skeleton
Aim: a water moccasin skeleton (lightly damaged, chance to affect: 58%)
The water moccasin skeleton resists with significant effort.
The water moccasin skeleton barely misses you.
Evoke which item? (* to show all) (? for menu, Esc to quit)
Aiming: Enslavement
Press: ? - help, Shift-Dir - straight line, f/p - water moccasin skeleton
Aim: a water moccasin skeleton (lightly damaged, chance to affect: 58%)
The water moccasin skeleton resists with significant effort.
The water moccasin skeleton closely misses you.
Evoke which item? (* to show all) (? for menu, Esc to quit)
Aiming: Enslavement
Press: ? - help, Shift-Dir - straight line, f/p - water moccasin skeleton
Aim: a water moccasin skeleton (lightly damaged, chance to affect: 58%)
The water moccasin skeleton resists with significant effort.
The water moccasin skeleton bites you.
* * * LOW HITPOINT WARNING * * *
Evoke which item? (* to show all) (? for menu, Esc to quit)
Aiming: Enslavement
Press: ? - help, Shift-Dir - straight line, f/p - water moccasin skeleton
Aim: a water moccasin skeleton (lightly damaged, chance to affect: 58%)
The water moccasin skeleton resists with significant effort.
The water moccasin skeleton closely misses you.
Really quaff
i - a potion of curing {@q1 !q}?
You feel better. The water moccasin skeleton bites you!
* * * LOW HITPOINT WARNING * * *
The water moccasin skeleton bites you!
You die...

#.##.########.# #.#.## #.#
#..## #.# #######.#####
#.# ............# #.#
............# #.#
............# #.# #
............# #.# #
.....##.#@### ###.######
........#Z# ####.........
.....#####................
.... .........>...... #
................
........#.###...
........#.# #### {
....#####.# # ..... #.# #


You could see a water moccasin skeleton.

Vanquished Creatures
  Sigmund (D:3)
  An orc wizard (D:3)
  An iguana (D:4)
  Ijyb (D:3)
  Natasha (twice) (D:3)
  An adder (D:3)
  A worm (D:3)
  A dart slug (D:1)
  4 orcs (D:3)
  3 giant cockroaches
  6 goblins
  5 hobgoblins
  13 jackals
  A quokka (D:4)
  6 bats
  A frilled lizard (D:2)
  3 kobolds
  5 rats
56 creatures vanquished.

Notes
Turn   | Place    | Note
-------+----------+-------------------------------------------
     0 | D:1      | EnegeticOcto the Formicid Ice Elementalist began the quest
                  | for the Orb.
     0 | D:1      | Reached XP level 1. HP: 13/13 MP: 3/3
   105 | D:1      | Reached XP level 2. HP: 7/19 MP: 0/5
   393 | D:1      | Reached XP level 3. HP: 8/24 MP: 3/6
   403 | D:1      | Learned a level 3 spell: Frozen Ramparts
   526 | D:2      | Reached skill level 5 in Ice Magic
   900 | D:2      | You fall into a shaft and drop 1 floor!
   909 | D:3      | Reached XP level 4. HP: 29/30 MP: 3/7
  1015 | D:3      | Noticed Ijyb
  1023 | D:3      | Killed Ijyb
  1024 | D:3      | Reached skill level 6 in Ice Magic
  1024 | D:3      | Reached XP level 5. HP: 27/35 MP: 1/8
  1137 | D:3      | Found a glowing golden altar of the Shining One.
  1283 | D:3      | Noticed Natasha
  1286 | D:3      | Killed Natasha
  1322 | D:3      | Noticed Sigmund
  1342 | D:3      | Killed Sigmund
  1343 | D:3      | Reached skill level 7 in Ice Magic
  1343 | D:3      | Reached XP level 6. HP: 7/41 MP: 0/9
  1381 | D:3      | Noticed Natasha
  1394 | D:3      | Killed Natasha
  1482 | D:4      | Slain by a water moccasin skeleton

Illustrated notes

Levels and vault maps discovered:
D:1:      wander_arrival_fairy_ring, layout_loops_ring, serial_park_tiny_2
D:2:      layout_basic
D:3:      layout_basic, lemuel_crystal_altar, uniq_sigmund, uniq_natasha,
          uniq_ijyb
D:4:      layout_basic, uniq_duvessa, uniq_eustachio, uniq_menkaure

Skill      XL: |  1  2  3  4  5 |
---------------+----------------+-----
Ice Magic      | 5 6 7 |  7.8
Dodging        | |  1.7
Stealth        | |  2.4
Spellcasting   | |  2.1

Action                   |  1- 3 |  4- 6 || total
-------------------------+-------+-------++-------
Melee: Hand axe          |     7 |     2 ||     9
       Staff             |       |    10 ||    10
 Cast: Freeze            |    38 |    21 ||    59
       Frozen Ramparts   |     3 |     8 ||    11
 Abil: Dig               |    85 |    30 ||   115
       Shaft Self        |     1 |       ||     1
Evoke: Wand              |       |     4 ||     4
  Use: Scroll            |       |     8 ||     8
       Potion            |       |     1 ||     1
Armor: Robe              |    11 |     7 ||    18
Dodge: Dodged            |    23 |    21 ||    44
